 Dungeon Crawl Stone Soup version 0.27.1-33-g824d729ab1 (webtiles) character file.

Game seed: 11659578553195289034

238 halfoni the Chopper (level 6, -1/48 HPs)
             Began as a Human Berserker on Dec 18, 2021.
             Was a Believer of Trog.
             Succumbed to a kobold brigand's poison
             ... on level 4 of the Dungeon.
             The game lasted 00:03:41 (2732 turns).

halfoni the Chopper (Human Berserker)               Turns: 2732, Time: 00:03:42

Health: -1/48      AC:  8    Str: 19    XL:     6   Next: 28%
Magic:  6/6        EV: 11    Int:  7    God:    Trog [**....]
Gold:   151        SH:  0    Dex: 13    Spells: 5/5 levels left

rFire    . . .     SeeInvis .   a - +0 hand axe
rCold    . . .     Faith    .   (no shield)
rNeg     . . .     Spirit   .   d - +0 ring mail
rPois    .         Reflect  .   (no helmet)
rElec    .         Harm     .   n - +0 cloak
rCorr    .         Rampage  .   (no gloves)
Will     .....                  h - +0 pair of boots
Stlth    +.........             (no amulet)
HPRegen  0.16/turn              (no ring)
MPRegen  0.10/turn              (no ring)

@: lethally poisoned (-1 -> -14), on berserk cooldown
A: no striking features
a: Renounce Religion, Berserk, Trog's Hand


You were on level 4 of the Dungeon.
You worshipped Trog.
Trog was pleased with you.
You visited 1 branch of the dungeon, and saw 4 of its levels.

You collected 151 gold pieces.

Inventory:

Hand Weapons
 a - a +0 hand axe (weapon)
Armour
 d - a +0 ring mail (worn)
 h - a +0 pair of boots (worn)
 n - a +0 cloak (worn)
Scrolls
 b - a scroll of summoning {unknown}
 c - 5 scrolls of identify {unknown}
 e - 2 scrolls of teleportation {unknown}
 i - a scroll of acquirement {unknown}
 k - a scroll of magic mapping {unknown}
 l - a scroll of torment {unknown}
 m - a scroll of enchant weapon {unknown}
Potions
 f - 2 potions of invisibility {unknown}
 g - a potion of cancellation {unknown}
 j - a potion of heal wounds {unknown}


   Skills:
 + Level 3.6 Fighting
 + Level 4.7 Axes
 * Level 3.5 Armour
 * Level 3.1 Dodging


You had 5 spell levels left.
You didn't know any spells.
Your spell library was empty.

Dungeon Overview and Level Annotations

Branches:
Dungeon (4/15)
 Temple: D:4-7

Altars:
Wu Jian


Message History

You hit the dart slug.
The kobold brigand hits you with a +0 short sword. x2
The dart slug launches a dart at you.
The slug dart hits you but does no damage.
You closely miss the kobold brigand.
The kobold brigand is heavily wounded.
You hit the dart slug.
You feel yourself speed up.
The kobold brigand hits you with a +0 short sword.
* * * LOW HITPOINT WARNING * * *
The dart slug launches a dart at you.
The slug dart hits you but does no damage.
You barely miss the kobold brigand.
The kobold brigand is heavily wounded.
You hit the dart slug.
The kobold brigand hits you but does no damage.
An orc wizard comes into view. It is wielding a +0 dagger.
The dart slug barely misses you.
The kobold brigand hits you with a +0 short sword.
* * * LOW HITPOINT WARNING * * *
The kobold brigand throws a poisoned dart.
The poisoned dart barely misses you.
You see here a +0 whip.
The dart slug launches a dart at you. The slug dart hits you.
* * * LOW HITPOINT WARNING * * *
The kobold brigand throws a poisoned dart.
The poisoned dart hits you!
You are lethally poisoned!
You see here a necrophage corpse.
* * * LOW HITPOINT WARNING * * *
You feel very sick.
The kobold brigand throws a poisoned dart.
The poisoned dart hits you!
You are more poisoned.
* * * LOW HITPOINT WARNING * * *
You feel very sick. The dart slug launches a dart at you.
The slug dart hits you but does no damage.
You die...

[..#.#. ##....# ...#.
##.....# #... #...##.##
#...####.##...## ##
##.#.).#..###...### #.
#..........#......### #.
#..####.............####<
.... #...##......†...###
... ##@.##......†....##
## #...###.#..........
##..#####......#### ##
#.†............# #. #..
##).....##.........
#...##Kw...............
#........##......####
#...........##..#
#..........##..


You could see a kobold brigand and a dart slug.

Vanquished Creatures
  A necrophage (D:4)
  A bullfrog zombie (D:3)
  Crazy Yiuf (D:3)
  A gnoll (D:4)
  An adder (D:4)
  An adder skeleton (D:4)
  2 dart slugs
  4 bats
  8 endoplasms
  A giant cockroach (D:1)
  6 hobgoblins
  4 jackals (D:2)
  6 kobolds
  5 quokkas
  5 ball pythons
  2 frilled lizards (D:1)
  6 goblins
  5 rats
60 creatures vanquished.

Notes
Turn   | Place    | Note
-------+----------+-------------------------------------------
     0 | D:1      | halfoni the Human Berserker began the quest for the Orb.
     0 | D:1      | Reached XP level 1. HP: 18/18 MP: 1/1
   241 | D:1      | Reached XP level 2. HP: 24/24 MP: 2/2
   344 | D:1      | Found a faded altar of an unknown god.
   758 | D:1      | Reached XP level 3. HP: 24/29 MP: 3/3
  1273 | D:2      | Reached ** piety under Trog
  1728 | D:3      | Reached XP level 4. HP: 35/35 MP: 4/4
  1754 | D:3      | Reached skill level 4 in Axes
  1939 | D:3      | Found an ornate altar of the Wu Jian Council.
  2001 | D:3      | Found a runed translucent door.
  2002 | D:3      | Noticed Crazy Yiuf
  2358 | D:3      | Reached XP level 5. HP: 41/41 MP: 5/5
  2527 | D:3      | Killed Crazy Yiuf
  2680 | D:4      | Noticed a necrophage
  2695 | D:4      | Killed a necrophage
  2696 | D:4      | Reached XP level 6. HP: 48/48 MP: 6/6
  2731 | D:4      | HP: 1/48 [poisoned by a kobold brigand]
  2732 | D:4      | Succumbed to a kobold brigand's poison

Illustrated notes

Levels and vault maps discovered:
D:1:      minmay_arrival_shattered_statue, layout_basic,
          ebering_ecumenical_altar_hall, hangedman_decor_riveting
D:2:      layout_basic
D:3:      layout_basic, amcnicky_altar_gilded, uniq_crazy_yiuf_cottage
D:4:      layout_cave_pools, grunt_temple_overflow_magic_moments,
          minmay_manual_mandibuliform

Skill      XL: |  1  2  3  4  5 |
---------------+----------------+-----
Axes           | 4 |  4.7
Armour         | 3 |  3.5
Dodging        | 3 |  3.1
Fighting       | |  3.6

Action                   |  1- 3 |  4- 6 || total
-------------------------+-------+-------++-------
Melee: Hand axe          |    84 |    94 ||   178
Invok: Berserk           |     1 |     2 ||     3
Armor: Animal skin       |     2 |       ||     2
       Ring mail         |    34 |    49 ||    83
Dodge: Dodged            |    59 |    49 ||   108
